 Dungeon Crawl Stone Soup version 0.25-a0-528-g6b7c99946c (webtiles) character file.

Game seed: 12517375816474561198, levelgen mode: deterministic

4207 Forecaster the Magician (level 10, -16/92 HPs)
             Began as a Naga Wizard on Feb 19, 2020.
             Was a Priest of Fedhas.
             Killed from afar by a gargoyle (22 damage)
             ... with a stone arrow
             ... on level 9 of the Dungeon.
             The game lasted 01:14:18 (9209 turns).

Forecaster the Magician (Naga Wizard)               Turns: 9209, Time: 01:14:19

Health: -16/92     AC: 15    Str: 13    XL:     10   Next: 29%
Magic:  16/20      EV: 10    Int: 16    God:    Fedhas [***...]
Gold:   225        SH:  0    Dex: 12    Spells: 15/22 levels left

rFire    . . .     SeeInvis +   U - +4 quarterstaff (venom)
rCold    + . .     Gourm    +   (shield currently unavailable)
rNeg     . . .     Faith    .   l - +2 leather armour {rC+}
rPois    +         Spirit   .   (no helmet)
rElec    .         Reflect  .   V - +2 cloak {MR+}
rCorr    .         Harm     .   o - +1 pair of gloves
MR       ++...                  (no barding)
Stlth    +++.......             P - amulet of the gourmand
HPRegen  0.25/turn              Q - +2 ring of slaying
MPRegen  0.17/turn              O - +3 ring of protection

@: very slightly contaminated, very slow
A: large, thin skeletal structure 1, see invisible, deformed body, dopey 1,
poison resistance, robust 1, slowness 2, slow metabolism 1, spit poison 1, AC +3
a: Spit Poison, Wall of Briars, Grow Ballistomycete, Renounce Religion


You were on level 9 of the Dungeon.
You worshipped Fedhas.
Fedhas was most pleased with you.
You were very full.

You visited 1 branch of the dungeon, and saw 9 of its levels.

You collected 445 gold pieces.
You spent 220 gold pieces at shops.

Inventory:

Hand Weapons
 c - a +1 mace
 h - a +6 shortbow
 m - a +0 long sword
 y - a +0 scimitar of holy wrath
 A - a +0 vorpal arbalest
 B - a +0 dagger
 C - a +2 scimitar of draining
 R - a +3 vorpal war axe
 U - a +4 quarterstaff of venom (weapon)
 X - a +4 short sword
Missiles
 e - 122 arrows
 q - 52 bolts
 s - 205 stones (quivered)
 t - 8 atropa-tipped darts
 K - 26 poisoned darts
Armour
 i - a scarf of cloud immunity
 l - a +2 leather armour of cold resistance (worn)
 o - a +1 pair of gloves (worn)
 V - a +2 cloak of magic resistance (worn)
Magical Staves
 a - an uncursed staff of air
Jewellery
 b - an uncursed ring of protection from fire {unknown}
 k - an uncursed ring of protection from cold
 J - an uncursed ring of poison resistance
 O - a +3 ring of protection (right hand)
 P - an amulet of the gourmand (around neck)
 Q - a +2 ring of slaying (left hand)
 S - an uncursed ring of protection from cold
 Y - an uncursed ring of positive energy
 Z - an uncursed amulet of regeneration
Wands
 p - a wand of iceblast (10)
 r - a wand of acid (6)
 M - a wand of random effects (15)
Scrolls
 f - a scroll of magic mapping
 w - 12 scrolls of remove curse
 F - a scroll of fear
 I - 4 scrolls of amnesia
 L - a scroll of immolation
 T - a scroll of blinking {unknown}
Potions
 g - 2 potions of magic {unknown}
 u - a potion of brilliance
 v - 5 potions of stabbing
 x - a potion of ambrosia
 z - 2 potions of might
 E - a potion of curing
 H - a potion of flight
 N - 3 potions of lignification
 W - 2 potions of mutation
Miscellaneous
 j - a box of beasts
 n - a phial of floods
 D - a lamp of fire
Comestibles
 d - 26 rations


   Skills:
 + Level 3.1 Fighting
 * Level 6.7 Long Blades
 + Level 5.4 Staves
 + Level 3.0 Armour
 + Level 3.2 Dodging
 + Level 5.6 Stealth
 + Level 6.9 Spellcasting
 + Level 1.6 Conjurations
 + Level 6.0 Summonings
 + Level 1.2 Translocations


You had 15 spell levels left.
You knew the following spells:

 Your Spells              Type           Power        Failure   Level  Hunger
a - Magic Dart            Conj           ##..         9%          1    None
b - Call Imp              Summ           ####....     1%          2    None
c - Blink                 Tloc           N/A          14%         2    None
d - Searing Ray           Conj           ##....       12%         2    None

Your spell library contained the following spells:

 Spells                   Type           Power        Failure   Level  Hunger
 Freeze                   Ice            #...         16%         1    None
 Slow                     Hex            #.......     24%         2    None
 Conjure Flame            Conj/Fire      #.......     34%         3    ##.....
 Dazzling Flash           Conj/Hex       #.....       34%         3    ##.....
 Mephitic Cloud           Conj/Pois/Air  #.......     36%         3    ##.....
 Summon Ice Beast         Ice/Summ       ###.....     41%         4    ####...
 Frozen Ramparts          Ice            #.....       43%         3    ##.....
 Ozocubu's Armour         Chrm/Ice       #.......     43%         3    ##.....
 Iskenderun's Mystic Bla  Conj/Tloc      ##......     65%         4    ####...
 Fulminant Prism          Conj/Hex       #.........   75%         4    ####...
 Hailstorm                Conj/Ice       #.......     75%         4    ####...
 Haunt                    Necr/Summ      ###.......   100%        7    #######
 Borgnjor's Revivificati  Necr           #.........   100%        8    #######
 Death's Door             Chrm/Necr      #.........   100%        8    #######
 Infestation              Necr           #.........   100%        8    #######
 Necromutation            Tmut/Necr      #.........   100%        8    #######


Dungeon Overview and Level Annotations

Branches:
Dungeon (9/15)             Temple (0/1) D:5             Orc (0/2) D:9
   Lair: D:8-11

Altars:
Elyvilon
Fedhas
Gozag
Kikubaaqudgha
Nemelex Xobeh
Okawaru
Qazlal
Ru
Sif Muna
Trog
Uskayaw
Vehumet
Xom
Yredelemnul
The Shining One
Beogh

Shops:
D:8 *


Innate Abilities, Weirdness & Mutations

You cannot wear boots.
Your serpentine skin is tough. (AC +3)
You have supernaturally acute eyesight. (SInv)
Armour fits poorly on your strangely shaped body.
Your system is resistant to poisons. (rPois)
You cover ground very slowly.
You have a slow metabolism.
You can spit poison.
You have a somewhat thin skeletal structure. (Dex +2, Stealth)
You are dopey. (Int -2)
You are robust. (+10% HP)


Message History

You hit the gargoyle but do no damage.
The gargoyle is almost destroyed.
The gargoyle hurls a stone arrow at you.
The stone arrow hits you!
* * * LOW HITPOINT WARNING * * *
The gargoyle hurls a stone arrow at you.
The stone arrow hits you!
* * * LOW HITPOINT WARNING * * *
Casting: Searing Ray (safe; 12% risk of failure)
Confirm with . or Enter, or press ? or * to list all spells.
You miscast Call Imp.
You are very lightly contaminated with residual magic.
You feel a strange surge of energy!
Casting: Call Imp (safe; 1% risk of failure)
Confirm with . or Enter, or press ? or * to list all spells.
A beastly little devil appears in a puff of flame.
The gargoyle hurls a stone arrow at you.
The stone arrow hits you!!
You die...
Fedhas appreciates your contribution to the ecosystem.

#.#.....#
#.#.....#
##.8..⌠..#
#..'.....#
######..8.....#
#.......#.....#
#.#####.#######
###
###.########.....
#.......@9.......
#.#.######5#...#.
#.#.# ... ... .
..# ###.# #
##.### # #. #


You could see a gargoyle and a friendly crimson imp.

Vanquished Creatures
  An ugly thing (D:7)
  A hornet (D:8)
  Prince Ribbit (D:6)
  A hungry ghost (D:7)
  2 soldier ants (D:8)
  A water moccasin (D:7)
  5 orc warriors
  A black bear (D:8)
  2 ice beasts
  2 ogres
  A phantom (D:8)
  A necrophage (D:8)
  A centaur (D:7)
  3 bullfrogs
  Blork the orc (D:6)
  3 scorpions (D:7)
  2 wyvern skeletons
  2 killer bees
  2 wights (D:6)
  2 howler monkeys (D:9)
  2 crimson imps (D:7)
  An orc priest (D:9)
  A hound (D:9)
  2 orc wizards
  2 bullfrog skeletons (D:5)
  An iguana (D:4)
  7 worker ants
  A killer bee zombie (D:5)
  6 adders
  5 gnolls
  An adder skeleton (D:7)
  A dart slug (D:3)
  4 leopard geckos
  17 orcs
  3 bats
  6 giant cockroaches
  4 goblins
  3 hobgoblins
  5 jackals
  A ball python (D:8)
  4 frilled lizards
  A leopard gecko skeleton (D:4)
  A quokka skeleton (D:9)
  2 quokka zombies
  3 rats
119 creatures vanquished.

Vanquished Creatures (collateral kills)
  An ice beast (D:8)
  An orc warrior (D:9)
  An eye of draining (D:8)
  A necrophage (D:7)
  2 ogres (D:4)
  A bullfrog (D:7)
  2 killer bees (D:9)
  A wight (D:6)
  A crimson imp (D:8)
  A hound (D:4)
  An orc priest (D:4)
  Crazy Yiuf (D:6)
  A bullfrog skeleton (D:7)
  An orc wizard (D:4)
  An iguana (D:8)
  3 worker ants
  A statue (D:8)
  A worker ant zombie (D:8)
  3 adders
  2 gnolls
  2 dart slugs
  A leopard gecko (D:2)
  17 orcs
  A giant cockroach (D:2)
  A hobgoblin (D:2)
  7 jackals
  2 kobolds
  A quokka (D:3)
  A goblin (D:3)
  A jackal zombie (D:5)
  A rat zombie (D:2)
62 creatures vanquished.

Vanquished Creatures (others)
  A human (D:3)
  A quokka zombie (D:8)
  5 bushes (D:9)
  5 fungi (D:9)
  15 plants (D:9)
27 creatures vanquished.

Grand Total: 208 creatures vanquished

Notes
Turn   | Place    | Note
-------+----------+-------------------------------------------
     0 | D:1      | Forecaster the Naga Wizard began the quest for the Orb.
     0 | D:1      | Reached XP level 1. HP: 15/15 MP: 4/4
   379 | D:1      | Reached XP level 2. HP: 22/22 MP: 4/6
   387 | D:1      | Learned a level 2 spell: Call Imp
   390 | D:1      | Learned a level 2 spell: Blink
  1356 | D:2      | Found a basalt altar of Yredelemnul.
  1605 | D:2      | Found a hide-covered altar of Uskayaw.
  1672 | D:2      | Reached XP level 3. HP: 6/28 MP: 0/8
  1675 | D:2      | Gained mutation: You are frail. (-10% HP) [potion of
                  | mutation]
  1675 | D:2      | Gained mutation: You are partially covered in molten
                  | scales. (AC +2) [potion of mutation]
  1675 | D:2      | Gained mutation: You expend magic power (3 MP) to
                  | strengthen your wands. [potion of mutation]
  1738 | D:2      | Found an iron altar of Okawaru.
  2261 | D:2      | Found an ancient bone altar of Kikubaaqudgha.
  2587 | D:3      | Found an ancient bone altar of Kikubaaqudgha.
  2663 | D:3      | Found a sparkling altar of Nemelex Xobeh.
  2705 | D:3      | Reached XP level 4. HP: 27/32 MP: 6/10
  2792 | D:3      | Noticed a human
  2793 | D:3      | Killed a human
  2828 | D:3      | Learned a level 2 spell: Searing Ray
  2933 | D:4      | Noticed an ogre
  2943 | D:4      | Killed an ogre
  2943 | D:4      | Reached skill level 1 in Long Blades
  2943 | D:4      | Reached skill level 1 in Armour
  2943 | D:4      | Reached XP level 5. HP: 37/37 MP: 2/11
  3412 | D:4      | Found a white marble altar of Elyvilon.
  3667 | D:4      | Reached XP level 6. HP: 30/44 MP: 3/12
  3797 | D:4      | Found a blossoming altar of Fedhas.
  3809 | D:4      | Found a stormy altar of Qazlal.
  3834 | D:4      | Became a worshipper of Fedhas Madash
  3951 | D:4      | Found a shimmering altar of Xom.
  3951 | D:4      | Found a shimmering blue altar of Sif Muna.
  4333 | D:5      | Entered Level 5 of the Dungeon
  4372 | D:4      | Reached XP level 7. HP: 37/50 MP: 9/14
  4685 | D:5      | Found a staircase to the Ecumenical Temple.
  4701 | D:5      | Reached skill level 1 in Fighting
  4716 | D:5      | Found an iron altar of Okawaru.
  5037 | D:5      | Found a glowing golden altar of the Shining One.
  5218 | D:6      | Reached * piety under Fedhas
  5218 | D:6      | Reached skill level 5 in Spellcasting
  5238 | D:6      | Reached XP level 8. HP: 44/57 MP: 11/15
  5376 | D:6      | Found a runed translucent door.
  5377 | D:6      | Noticed Crazy Yiuf
  5596 | D:6      | Killed Crazy Yiuf
  5754 | D:6      | Found a sacrificial altar of Ru.
  5850 | D:6      | Noticed Prince Ribbit
  5869 | D:6      | Killed Prince Ribbit
  5869 | D:6      | Reached skill level 1 in Staves
  5895 | D:6      | Noticed Blork the orc
  5902 | D:6      | Killed Blork the orc
  6371 | D:7      | Found an opulent altar of Gozag.
  6549 | D:7      | Reached skill level 5 in Long Blades
  6570 | D:7      | Lost mutation: You are frail. (-10% HP) [potion of
                  | mutation]
  6570 | D:7      | Lost mutation: You expend magic power (3 MP) to strengthen
                  | your wands. [potion of mutation]
  6570 | D:7      | Lost mutation: You are partially covered in molten scales.
                  | (AC +2) [potion of mutation]
  6570 | D:7      | Gained mutation: You have a somewhat thin skeletal
                  | structure. (Dex +2, Stealth) [potion of mutation]
  6570 | D:7      | Gained mutation: You are dopey. (Int -2) [potion of
                  | mutation]
  6570 | D:7      | Gained mutation: You are robust. (+10% HP) [potion of
                  | mutation]
  6729 | D:7      | Found a bloodstained altar of Trog.
  6771 | D:7      | Reached XP level 9. HP: 80/80 MP: 18/18
  6873 | D:7      | Reached skill level 5 in Summonings
  6878 | D:7      | Identified a scroll of acquirement
  6878 | D:7      | Identified the ring "Nedar" {rElec rPois rN+} (You acquired
                  | it on level 7 of the Dungeon)
  6904 | D:7      | Noticed a cyan ugly thing
  6915 | D:7      | Killed a cyan ugly thing
  6930 | D:7      | Reached skill level 5 in Stealth
  7124 | D:7      | Reached ** piety under Fedhas
  7379 | D:8      | Found Hacs's General Store.
  7392 | D:8      | Bought a box of beasts for 220 gold pieces
  7503 | D:8      | Found a radiant altar of Vehumet.
  7807 | D:8      | Found a sacrificial altar of Ru.
  7897 | D:8      | Noticed a hornet
  7904 | D:8      | Paralysed by a hornet for 2 turns
  8284 | D:8      | Reached skill level 5 in Staves
  8284 | D:8      | Reached XP level 10. HP: 80/90 MP: 20/20
  8594 | D:9      | Reached *** piety under Fedhas
  8694 | D:9      | Found a roughly hewn altar of Beogh.
  8694 | D:9      | Found a staircase to the Orcish Mines.
  9187 | D:9      | Noticed a gargoyle
  9209 | D:9      | Killed from afar by a gargoyle

Levels and vault maps discovered:
D:1:      dpeg_arrival_pond, layout_basic, minmay_misc_feat_nine_boxes,
          minmay_misc_feat_iff, minmay_tromino_i4
D:2:      layout_basic, lemuel_doored_altar, yredelemnul_altar_generic,
          eat_drink_and_be_merry_uskayaw, lemuel_zombie_altar_kikubaaqudgha,
          minmay_worlds_worst_comb
D:3:      layout_rooms, nemelex_xobeh_ov_fountains_minmay, tgw_kikubaaqudgha
D:4:      layout_basic, grunt_temple_overflow_forces_of_nature,
          gammafunk_temple_overflow_wave, elyvilon_altar_3
D:5:      layout_loops_ring, lemuel_crystal_altar,
          minmay_temple_entry_from_below_a, first_ration, okawaru_gym_becter
D:6:      layout_cave_pods, basic_altar, uniq_prince_ribbit1,
          uniq_crazy_yiuf_cottage, uniq_blork_the_orc
D:7:      minmay_the_grid_octo_tiled_squarecenter
          [minmay_the_grid_octo_vomiting_pacman, minmay_the_grid_octo_odd_swirl,
          minmay_the_grid_octo_tetromino_candy, minmay_the_grid_octo_clover,
          minmay_the_grid_square_5x5_megaprize_diamond,
          minmay_the_grid_square_5x5_shrine1,
          minmay_the_grid_square_5x5_sharp_hourglass,
          minmay_the_grid_square_5x5_broken_cross,
          minmay_the_grid_square_5x5_z], layout_rooms,
          nicolae_gozag_seed_capital
D:8:      cheibrodos_iron_armory, layout_rooms, lemuel_coloured_pillars_altar,
          vehumet_statue, serial_shops, shop, hangedman_pestilent_swarm
D:9:      layout_loops_corners, lemuel_crystal_altar, minmay_lair_entry_grove,
          david_orc_5, minivault_5, chequers_serial_rivers_micro_b,
          kennysheep_diamond

Skill      XL: |  1  2  3  4  5  6  7  8  9 10 |
---------------+-------------------------------+-----
Spellcasting   | 4 5 6 |  6.9
Long Blades    | 1 2 3 4 5 6 |  6.7
Armour         | 1 2 3 |  3.0
Summonings     | 2 3 4 5 6 |  6.0
Dodging        | 2 3 |  3.2
Fighting       | 1 2 3 |  3.1
Stealth        | 4 5 |  5.6
Staves         | 2 5 |  5.4
Conjurations   | |  1.6
Translocations | |  1.2

Action                   |  1- 3 |  4- 6 |  7- 9 | 10-12 || total
-------------------------+-------+-------+-------+-------++-------
Melee: Club              |    24 |       |       |       ||    24
       Long sword        |    21 |       |       |       ||    21
       Short sword       |    14 |       |       |       ||    14
       Scimitar          |     1 |    66 |    35 |       ||   102
       Quarterstaff      |       |       |   165 |    73 ||   238
 Cast: Magic Dart        |    52 |    22 |    11 |     1 ||    86
       Call Imp          |    18 |    20 |    62 |    22 ||   122
       Blink             |       |       |     3 |       ||     3
       Searing Ray       |       |       |     5 |     2 ||     7
  Use: Scroll            |     5 |     6 |    16 |     1 ||    28
       Potion            |     8 |       |     3 |     8 ||    19
 Stab: Sleeping          |     1 |     1 |     6 |       ||     8
       Distracted        |       |     1 |     2 |     1 ||     4
       Paralysed         |       |       |     1 |       ||     1
  Eat: Chunk             |     5 |     5 |    11 |     8 ||    29
       Ration            |       |       |     1 |       ||     1
Armor: Robe              |     4 |       |       |       ||     4
       Leather armour    |    26 |    31 |   111 |    23 ||   191
       Skin              |       |       |    15 |       ||    15
Dodge: Dodged            |    54 |    40 |   118 |    48 ||   260
       Rpst.: Long sword |    12 |       |       |       ||    12
       Scimitar          |       |    17 |    14 |       ||    31

Table legend:
 A = Non-vault XP
 B = Vault XP
 C = Vault XP percentage of total XP
 D = Non-vault monster count
 E = Vault monster count
 F = Vault count percentage of total count
                 A         B        C        D         E       F
            +---------+---------+-------+---------+---------+-------
      Total |    2777 |    3234 |  53.8 |     124 |      58 |  31.9
            +---------+---------+-------+---------+---------+-------
        D:1 |      13 |       7 |  35.0 |       8 |       3 |  27.3
        D:2 |      25 |       8 |  24.2 |      11 |       5 |  31.2
        D:3 |      31 |       0 |   0.0 |      13 |       0 |   0.0
        D:4 |     605 |       0 |   0.0 |      35 |       0 |   0.0
        D:5 |     261 |       0 |   0.0 |      15 |       0 |   0.0
        D:6 |     470 |     362 |  43.5 |       8 |       3 |  27.3
        D:7 |     152 |    1664 |  91.6 |       6 |      21 |  77.8
        D:8 |     984 |     645 |  39.6 |      21 |       5 |  19.2
        D:9 |     236 |     548 |  69.9 |       7 |      21 |  75.0
            +---------+---------+-------+---------+---------+-------
